[Event "Early-Titled-Tuesday-Blitz-July-09-2024"]
[Site "Chess.com"]
[Date "2024.07.09"]
[Round "9"]
[White "osielchesslover2011"]
[Black "glucolisis04"]
[Result "0-1"]
[WhiteElo "2184"]
[BlackElo "2296"]
[TimeControl "180+1"]
[EndTime "9:46:18 PDT"]
[Termination "glucolisis04 won by resignation"]

1. e4 c5 2. Nf3 Nc6 3. Nc3 e5 4. Bc4 Be7 5. d3 d6 6. Nd5 Nf6 7. h3 Nxd5 8. Bxd5 O-O 9. g4 Kh8 10. c3 Be6 11. Qb3 Na5 12. Qc2 Bxd5 13. exd5 b5 14. c4 b4 15. a3 f5 16. g5 e4 17.
Nh2 Bxg5 18. Bxg5 Qxg5 19. axb4 Qg2 20. O-O-O cxb4 21. b3 exd3 22. Qxd3 Qxf2 23. Rd2 Qc5 24. Nf3 Rae8 25. Nd4 f4 26. Ne6 Qe3 27. Nxf8 Nxb3+ 28. Kc2 Qxd2+ 29. Qxd2 Nxd2 30. Kxd2 Rxf8 31. Rf1 f3 32. Ke3 f2 33. Kd4 b3 34. Kc3 Rf3+ 35. Kb2 Kg8 36. h4 Kf7 37. h5 Ke7 38. Kb1 Kd7 39. Kb2 Kc7 40. Ka3 Kb6 41. Kb2 Kc5 42. h6 gxh6 43.
Rh1 Kxc4 44. Rh4+ Kc5 45. Rh5 f1=Q 0-1

[Event "Early-Titled-Tuesday-Blitz-July-09-2024"]
[Site "Chess.com"]
[Date "2024.07.09"]
[Round "9"]
[White "slidingknight2775"]
[Black "FloMasterAAK"]
[Result "0-1"]
[WhiteElo "2761"]
[BlackElo "2618"]
[TimeControl "180+1"]
[EndTime "9:46:22 PDT"]
[Termination "FloMasterAAK won by resignation"]

1. c4 Nf6 2. Nf3 g6 3. b3 Bg7 4. Bb2 O-O 5. d4 d5 6. e3 b6 7.
Nbd2 Bb7 8. Be2 Nbd7 9. O-O c5 10. Rc1 Rc8 11. Rc2 cxd4 12. Bxd4 dxc4 13. Rxc4 Rxc4 14. Nxc4 Qc7 15. Qa1 Rc8 16. Rd1 Bd5 17. Bf1 Qb7 18.
Be2 Nc5 19. Nd6 exd6 20. Bxf6 Bxf6 21. Qxf6 Ne4 22. Qb2 Nc3 23. Re1 Nxe2+ 24. Qxe2 Be4 25. Rd1 Rc2 26. Rd2 Bxf3 27. gxf3 Rxd2 28. Qxd2 Qxf3 29. Qxd6 Qg4+ 30. Kf1 Qh3+ 31. Kg1 Qc8 32. a3 h5 33.
Qe7 a6 34. Qe4 Qc1+ 35. Kg2 Qxa3 36. Qe8+ Qf8 37. Qc6 Qc5 38. Qa8+ Kg7 39. Qxa6 Qd5+ 40. Kg1 Qxb3 41. Qc8 Qb1+ 42. Kg2 Qe4+ 43. Kg1 Qg4+ 44. Qxg4 hxg4 45. Kf1 Kf6 46. Ke2 Kg5 47. Kd3 Kh4 48.
Kc4 Kh3 49. Kb5 Kxh2 50. Kxb6 Kg2 51. e4 Kxf2 52. e5 g3 53. Kc7 g2 54. e6 fxe6 0-1

[Event "Early-Titled-Tuesday-Blitz-July-09-2024"]
[Site "Chess.com"]
[Date "2024.07.09"]
[Round "9"]
[White "guillembaches"]
[Black "JavierRuizVazquez"]
[Result "0-1"]
[WhiteElo "2540"]
[BlackElo "2414"]
[TimeControl "180+1"]
[EndTime "9:46:22 PDT"]
[Termination "JavierRuizVazquez won on time"]

1. e4 c6 2. d4 d5 3. e5 c5 4. dxc5 Nc6 5. Nf3 Bg4 6. c3 e6 7.
Bb5 Bxc5 8. O-O Ne7 9. h3 Bh5 10. b4 Bb6 11. a4 a5 12. bxa5 Bxa5 13. g4 Bg6 14. Ba3 O-O 15. Qe2 Qc7 16. Bd6 Qd7 17. Nd4 Bc7 18. Bxe7 Qxe7 19. f4 Be4 20. Nd2 Nxd4 21.
cxd4 Bb6 22. Qe3 Qb4 23. Nb3 Bc2 24. Nc5 Bxc5 25. dxc5 Rfc8 26. Rac1 Qxc5 27. Kf2 Qxe3+ 28. Kxe3 Kf8 29. f5 exf5 30. gxf5 Bxf5 31. Rxc8+ Bxc8 32. Rc1 Rb8 33. Rc7 g6 34. h4 Be6 35. Kf4 Kg7 36. a5 Ra8 37. Rxb7 Rxa5 38. Bd3 Ra4+ 39.
Ke3 Ra3 40. Kd4 Ra4+ 41. Ke3 Rxh4 42. Bb5 h5 43. Bd7 Re4+ 44. Kf3 Rxe5 45. Bxe6 Rxe6 46.
Rd7 Re5 47. Kf4 Rf5+ 48. Ke3 Kf6 49. Kd4 h4 50. Rd6+ Kg5 51. Rd8 h3 52. Rh8 Rf4+ 53.
Ke3 Rh4 0-1

[Event "Early-Titled-Tuesday-Blitz-July-09-2024"]
[Site "Chess.com"]
[Date "2024.07.09"]
[Round "9"]
[White "Dmitry_Ponomarev"]
[Black "Barbix1"]
[Result "1-0"]
[WhiteElo "2517"]
[BlackElo "2370"]
[TimeControl "180+1"]
[EndTime "9:46:23 PDT"]
[Termination "Dmitry_Ponomarev won on time"]

1. e4 c5 2. Nf3 e6 3. d4 cxd4 4. Nxd4 Nf6 5. Nc3 Nc6 6. Ndb5 d6 7. Be3 a6 8. Nd4 Be7 9. Be2 O-O 10. O-O Bd7 11. f3 h6 12. Qd2 Rc8 13. Rac1 Ne5 14. Rfd1 Nc4 15. Bxc4 Rxc4 16. Nce2 b5 17. b3 Rc8 18. c4 bxc4 19. bxc4 Ba4 20. Nb3 Nd7 21. Qb4 Bc6 22. Ned4 Ne5 23. Nxc6 Rxc6 24. Na5 Rc8 25.
c5 d5 26. exd5 exd5 27. Bd4 Qc7 28. Qb6 Bf6 29. Qxc7 Rxc7 30. Bxe5 Bxe5 31. Rxd5 Bf6 32. c6 Rfc8 33. Rb1 Bc3 34. Rb6 Bxa5 35. Rxa5 Rxc6 36. Raxa6 Rc1+ 37. Kf2 R8c2+ 38. Kg3 Ra1 39. Rb8+ Kh7 40. Rba8 h5 41. Kh3 Rb1 42. Ra5 Kh6 43. Rh8+ Kg6 44. Rhxh5 Rbb2 45. Rhg5+ Kh6 46. a4 Rb3 47. Rg4 f5 48. Rxf5 Ra3 49. Rfg5 Raa2 50. Rg6+ Kh7 51. Rxg7+ Kh8 52. R7g5 1-0

[Event "Early-Titled-Tuesday-Blitz-July-09-2024"]
[Site "Chess.com"]
[Date "2024.07.09"]
[Round "9"]
[White "DenLaz"]
[Black "MagnusCarlsen"]
[Result "1/2-1/2"]
[WhiteElo "3150"]
[BlackElo "3189"]
[TimeControl "180+1"]
[EndTime "9:46:24 PDT"]
[Termination "Game drawn by repetition"]

1. d4 Nf6 2. c4 e6 3. Nf3 d5 4. g3 Be7 5. Bg2 O-O 6. O-O c5 7. cxd5 exd5 8. Nc3 h6 9. dxc5 Bxc5 10. a3 a5 11. Bf4 Nc6 12. Rc1 Re8 13. Nb5 Bb6 14. Nd6 Re7 15. Nxc8 Qxc8 16. Ne5 Qe6 17. Nxc6 bxc6 18.
Qb3 Ba7 19. Qa4 Qxe2 20. Qxc6 Rd8 21. Rc2 Qd3 22. Rd2 Qb3 23. Qc2 Qxc2 24. Rxc2 d4 25. Bf3 d3 26. Rc7 Red7 27. Rxd7 Rxd7 28. Rd1 Bd4 29.
b4 axb4 30. axb4 g5 31. Be3 Bxe3 32. fxe3 Rd6 33. Kf2 Nd7 34. Be4 Ne5 35. h3 Kg7 36. Rb1 Kf6 37. b5 Rb6 38. Ke1 Ke6 39. Kd2 Kd6 40. Bxd3 Kc5 41. Be2 Rd6+ 42. Ke1 Kb6 43. Rd1 Rxd1+ 44. Kxd1 Kc5 45. Kc2 f6 46. Kc3 Nf7 47. Kd3 Nd6 48. Kc2 Ne4 49. g4 Nd6 50. Kc3 Ne4+ 51. Kc2 Nd6 52. Kc3 Ne4+ 53. Kc2 1/2-1/2

[Event "Early-Titled-Tuesday-Blitz-July-09-2024"]
[Site "Chess.com"]
[Date "2024.07.09"]
[Round "9"]
[White "johnmez"]
[Black "EpicWarrior2015"]
[Result "0-1"]
[WhiteElo "2256"]
[BlackElo "2435"]
[TimeControl "180+1"]
[EndTime "9:46:25 PDT"]
[Termination "EpicWarrior2015 won on time"]

1. b3 d5 2. Bb2 c5 3. e3 Nc6 4.
Nf3 Bf5 5. Bb5 e6 6. O-O Nf6 7.
Ne5 Rc8 8. d3 Bd6 9. Bxc6+ bxc6 10. Nd2 O-O 11. f4 h6 12. Ndf3 Nd7 13. Qe1 f6 14. Nxd7 Qxd7 15. e4 Bh7 16. g3 Bc7 17. Rd1 Bb6 18. c4 d4 19. Qe2 Rce8 20. Bc1 Bc7 21.
Ba3 Bb6 22. Rc1 Qd6 23. Rce1 Qb8 24. Kg2 f5 25. e5 Qc7 26. h4 Bg6 27. Ng1 Qf7 28.
Qf3 Rc8 29. Qd1 Bh5 30. Qd2 Qc7 31. Rb1 Ba5 32. Qc2 Bb4 33. Bc1 Ba5 34. a3 Rb8 35. Nf3 Rb7 36. b4 Bxf3+ 37. Rxf3 cxb4 38. Qa4 c5 39. axb4 Bxb4 40. Rf2 a5 41. Kh3 Qd7 42. Qd1 Qc6 43. Rg2 Rbf7 44. g4 fxg4+ 45. Qxg4 Qd7 46. Rbb2 Ba3 47. Rbc2 Bxc1 48. Rxc1 Rxf4 49. Qg6 Kh8 50. Rcg1 Rf3+ 51. Kh2 Rf2 52. h5 Rxg2+ 53. Rxg2 Qf7 54. Qg4 Qf5 0-1

[Event "Early-Titled-Tuesday-Blitz-July-09-2024"]
[Site "Chess.com"]
[Date "2024.07.09"]
[Round "9"]
[White "Senn71"]
[Black "C_K_G"]
[Result "1-0"]
[WhiteElo "2365"]
[BlackElo "2223"]
[TimeControl "180+1"]
[EndTime "9:46:25 PDT"]
[Termination "Senn71 won by resignation"]

1. e4 c5 2. Nf3 d6 3. d4 cxd4 4. Nxd4 Nf6 5. Nc3 a6 6. Be3 e5 7.
Nb3 Be6 8. Qd2 Nbd7 9. f3 Be7 10.
g4 Qc7 11. O-O-O O-O 12. h4 b5 13. Nd5 Bxd5 14. exd5 Nb6 15. Bxb6 Qxb6 16. Na5 Rfc8 17. Kb1 Nxd5 18. Qxd5 Qxa5 19. Bd3 Qa4 20. g5 Ra7 21. g6 hxg6 22. Bxg6 Bf8 23. Be4 Rac7 24. Rh2 Rc4 25.
h5 Rd4 26. Rxd4 Qxd4 27. Qxd4 exd4 28. Bb7 Re8 29. b3 a5 30. Kb2 b4 31. a3 Re3 32.
axb4 axb4 33. Bd5 Be7 34. h6 gxh6 35. Rxh6 Kg7 36. Rh1 Bf6 37. Kc1 Re8 38. Rg1+ Kf8 39. Kd2 Re7 40. Be4 Ra7 41. Kd3 Rc7 42. Rh1 Bg5 43.
Ke2 d5 44. Bd3 Re7+ 45. Kf2 Be3+ 46. Kg3 Kg7 47. Ra1 Bd2 48. Ra5 Re5 49. Ra6 Rg5+ 50.
Kh4 Rg1 51. Rd6 Bg5+ 52. Kh3 Bf4 53. Rxd5 Be3 54. Rf5 f6 55. Kh2 Bg5 56. Rb5 Bd2 57. Kxg1 1-0

[Event "Early-Titled-Tuesday-Blitz-July-09-2024"]
[Site "Chess.com"]
[Date "2024.07.09"]
[Round "9"]
[White "Knightmare1014"]
[Black "AlphaPerseii"]
[Result "0-1"]
[WhiteElo "2248"]
[BlackElo "2429"]
[TimeControl "180+1"]
[EndTime "9:46:26 PDT"]
[Termination "AlphaPerseii won by checkmate"]

1. e4 c5 2. Nf3 Nc6 3. d4 cxd4 4. Nxd4 Nf6 5. Nc3 e5 6. Ndb5 d6 7. Bg5 a6 8. Na3 b5 9. Nd5 Be7 10. Bxf6 Bxf6 11. c3 Ne7 12. Nc2 Nxd5 13. Qxd5 Ra7 14.
Qd1 Bb7 15. Bd3 d5 16. Qe2 O-O 17. O-O dxe4 18. Bxe4 Bxe4 19. Qxe4 Rd7 20. a4 Rd2 21. axb5 axb5 22. h3 g6 23. b4 Qd7 24. Ne3 Rc8 25.
Ra8 Kg7 26. Rxc8 Qxc8 27. c4 Rd4 28. Qc2 bxc4 29. Rc1 Bg5 30. b5 Qb7 31. Rb1 Bxe3 32.
fxe3 Re4 33. b6 h5 34. Qc3 h4 35. Rb5 Kf6 36. Rb2 Ke6 37. Qb4 Rxe3 38. Qxc4+ Kf5 39. Qc2+ Ke6 40. Qc7 Qxc7 41. bxc7 Rc3 42. Rb6+ Kd7 43. Rf6 Ke7 44. Rf3 Rxc7 45. Re3 Ke6 46. Re4 g5 47. Rg4 Kf5 48. Rc4 Rxc4 49. Kh2 Rc2 50. Kh1 Kf4 51. Kh2 Ke3 52. Kh1 Kf2 53. Kh2 e4 54. g4 hxg3+ 55. Kh1 Rc1# 0-1

[Event "Early-Titled-Tuesday-Blitz-July-09-2024"]
[Site "Chess.com"]
[Date "2024.07.09"]
[Round "9"]
[White "UK_23"]
[Black "GilbertoHernandezAmura"]
[Result "1/2-1/2"]
[WhiteElo "2412"]
[BlackElo "2512"]
[TimeControl "180+1"]
[EndTime "9:46:27 PDT"]
[Termination "Game drawn by repetition"]

1. e4 e5 2. Nf3 Nc6 3. d4 exd4 4.
Nxd4 Nf6 5. Nxc6 bxc6 6. Nd2 d5 7.
exd5 cxd5 8. Bb5+ Bd7 9. Bxd7+ Qxd7 10. O-O Bd6 11. c4 O-O 12. cxd5 Nxd5 13. Nc4 Bc5 14. a3 a5 15. Qc2 c6 16. b3 Bd4 17. Bb2 Bxb2 18.
Qxb2 a4 19. b4 Rfe8 20. Rad1 Qg4 21. Ne5 Qe4 22. Rfe1 Qh4 23. Nxc6 Nf6 24. Ne5 Qg5 25. Nf3 Qf5 26. h3 h6 27. Rxe8+ Rxe8 28. b5 Rb8 29. b6 Qe4 30. Rd4 Qc6 31. Ne5 Qe6 32. Rxa4 Rxb6 33.
Ra8+ Kh7 34. Qc2+ g6 35. Nf3 Rc6 36. Qd3 Rd6 37. Qf1 Qd7 38. Kh2 Qc7 39. g3 Qc6 40.
Rf8 Kg7 41. Ne5 Qd5 42. Rxf7+ Kg8 43. f4 Re6 44. Ra7 Rxe5 45. fxe5 Qxe5 46. Qg2 Ne4 47. h4 h5 48. a4 Kh8 49. a5 Qd4 50. a6 Qxa7 51. Qxe4 Qf2+ 52. Qg2 Qa7 53. Qb2+ Kg8 54. Qa2+ Kh7 55. Qa5 Qf2+ 56. Kh1 Qf1+ 57. Kh2 Qf2+ 58.
Kh1 Qf1+ 59. Kh2 Qf2+ 1/2-1/2

[Event "Early-Titled-Tuesday-Blitz-July-09-2024"]
[Site "Chess.com"]
[Date "2024.07.09"]
[Round "9"]
[White "michaelskie11"]
[Black "GMMikhailKazakov"]
[Result "0-1"]
[WhiteElo "2397"]
[BlackElo "2513"]
[TimeControl "180+1"]
[EndTime "9:46:28 PDT"]
[Termination "GMMikhailKazakov won by resignation"]

1. d4 Nf6 2. Nc3 e6 3. Bf4 d5 4. e3 Bd6 5. Bg3 O-O 6. Nf3 c5 7. dxc5 Bxc5 8. Bd3 Nc6 9. O-O Bd6 10. e4 Bxg3 11.
hxg3 d4 12. Ne2 e5 13. c3 dxc3 14. Nxc3 Bg4 15. Qe2 Nd4 16. Qe3 Re8 17. Rad1 Qb6 18. Rd2 Bd7 19. Bc4 Ng4 20. Qd3 Qh6 21. Nh4 g5 22. f3 Nf6 23. Qe3 Kg7 24. Nf5+ Nxf5 25. exf5 Bc6 26. Rd6 Rad8 27. Rxd8 Rxd8 28. Qxe5 g4 29.
Qe7 Rd7 30. Qe5 gxf3 31. gxf3 Rd2 32. Ne2 Qh3 33. g4 h6 34. Qg3 Qxg3+ 35. Nxg3 Rxb2 36. Re1 Kf8 37. Re3 b5 38. Bb3 a5 39. Ne4 Bxe4 40.
fxe4 a4 41. Bd5 Nxg4 42. Rc3 b4 43. Rc8+ Ke7 44. Rc7+ Kd6 45. Rxf7 b3 46. axb3 a3 47. Ra7 a2 48. f6 Nxf6 49. Ra6+ Ke5 50. Re6+ Kd4 51.
Ra6 Rb1+ 52. Kg2 a1=Q 53. Rxa1 Rxa1 54. b4 Rb1 55. Kg3 Rb2 56. Kf4 Nxd5+ 57. exd5 Kxd5 58. b5 Rb4+ 0-1

[Event "Early-Titled-Tuesday-Blitz-July-09-2024"]
[Site "Chess.com"]
[Date "2024.07.09"]
[Round "9"]
[White "CSB7"]
[Black "sirinbaba33"]
[Result "1-0"]
[WhiteElo "2775"]
[BlackElo "2593"]
[TimeControl "180+1"]
[EndTime "9:46:30 PDT"]
[Termination "CSB7 won by resignation"]

1. d4 Nf6 2. c4 e6 3. g3 d5 4.
Bg2 Bb4+ 5. Bd2 Be7 6. Nf3 O-O 7. O-O c6 8. Qc2 h6 9. Bf4 Nbd7 10. Rd1 Nh5 11.
Bc1 f5 12. b3 g5 13. Ba3 Bxa3 14. Nxa3 Nhf6 15. Qc1 Ne4 16. Nc2 f4 17. Nce1 g4 18. Nd2 Ng5 19. Nd3 f3 20. exf3 gxf3 21. Bf1 Qf6 22. h4 Ne4 23. Nxe4 dxe4 24. Ne5 Kg7 25. Nxd7 Bxd7 26. Qe3 Qg6 27. Re1 a5 28. Qxe4 a4 29.
Qe5+ Qf6 30. b4 a3 31. Re3 Ra4 32. Rb1 Be8 33. Bd3 Bh5 34. Bc2 Raa8 35. Rbb3 Rfd8 36. Qe4 Kf8 37. Qxe6 Qxd4 38. Qxh6+ Kg8 39. Qxh5 Qa1+ 40.
Kh2 Qg7 41. Qg5 Qxg5 42. hxg5 Rf8 43. g4 Rad8 44. Kg3 Rd2 45. Bf5 Kg7 46. Rxf3 Rxa2 47. Rxa3 Rb2 48. Rad3 Rxb4 49. Rd7+ Rf7 50. Rxf7+ Kxf7 51. Bd3+ Kg7 52. g6 b6 53. Rf7+ Kg8 54. f4 Rb3 55.
Rd7 b5 56. cxb5 cxb5 57. f5 Kf8 58. f6 Ke8 59. Rd6 1-0

[Event "Early-Titled-Tuesday-Blitz-July-09-2024"]
[Site "Chess.com"]
[Date "2024.07.09"]
[Round "9"]
[White "betta2004"]
[Black "Meri-Arabidze"]
[Result "0-1"]
[WhiteElo "2529"]
[BlackElo "2702"]
[TimeControl "180+1"]
[EndTime "9:46:30 PDT"]
[Termination "Meri-Arabidze won by resignation"]

1. Nf3 Nf6 2. e3 g6 3. b3 Bg7 4. Bb2 O-O 5. d4 b6 6. Nbd2 Bb7 7.
Bd3 d5 8. O-O e6 9. Ne5 c5 10.
f4 Nc6 11. Qf3 Nb4 12. a3 Nxd3 13. cxd3 Rc8 14. Rac1 Qe7 15. dxc5 bxc5 16. g4 Rfd8 17. g5 Nd7 18. d4 cxd4 19. exd4 Nxe5 20. dxe5 h5 21.
b4 Rc7 22. Bd4 Rdc8 23. Nb3 Ba6 24. Rxc7 Qxc7 25. Rc1 Bc4 26. Nc5 Bf8 27. Qe3 a5 28. h4 axb4 29. axb4 Ra8 30. b5 Bxc5 31. Bxc5 Bxb5 32. Bd6 Qa5 33. Qd4 Bc4 34. f5 gxf5 35.
g6 fxg6 36. Qf4 Kh7 37. Rb1 Qa7+ 38. Kh1 d4 39. Rc1 Bd5+ 40. Kg1 Qa2 41. Rc7+ Kg8 42.
Qg5 Qb1+ 43. Rc1 Qb7 44. Qxg6+ Qg7 45. Qxg7+ Kxg7 46. Rd1 Ra4 47. Kf2 d3 48. Rxd3 Rxh4 49. Be7 Re4 50. Bf6+ Kg6 51. Rg3+ Rg4 52. Ra3 h4 53.
Ra7 Rg2+ 54. Kf1 Kh5 55. Rg7 Rxg7 56. Bxg7 Kg4 57. Kf2 h3 58. Kg1 Kg3 59. Bh6 h2+ 0-1

[Event "Early-Titled-Tuesday-Blitz-July-09-2024"]
[Site "Chess.com"]
[Date "2024.07.09"]
[Round "9"]
[White "carloseduar100"]
[Black "InitiatingASC"]
[Result "1/2-1/2"]
[WhiteElo "2268"]
[BlackElo "2419"]
[TimeControl "180+1"]
[EndTime "9:46:30 PDT"]
[Termination "Game drawn - insufficient material"]

1. d4 d5 2. c3 c5 3. dxc5 e6 4. b4 a5 5. a3 Nc6 6. Bb2 Nf6 7. Nf3 Ne4 8. Nbd2 Nxd2 9. Qxd2 b6 10. cxb6 Qxb6 11.
e3 axb4 12. axb4 Rxa1+ 13. Bxa1 Nxb4 14. cxb4 Bxb4 15. Bc3 Bxc3 16. Qxc3 Qb1+ 17. Kd2 O-O 18. Rg1 Bd7 19. Bd3 Qa2+ 20. Qc2 Qa3 21. Rc1 Rb8 22. Ke1 g6 23. Kf1 Rb2 24. Qd1 Ba4 25.
Bc2 Qa2 26. Bxa4 Rxf2+ 27. Kg1 Rxg2+ 28. Kh1 Rg4 29. Bc2 Qa3 30. Bd3 Qb2 31. Be2 Re4 32. Rc2 Qa3 33. Kg2 Qxe3 34. h3 h5 35. Qa1 e5 36.
Qc3 Qxc3 37. Rxc3 Rxe2+ 38. Kg3 d4 39. Rc8+ Kg7 40. Re8 Re3 41. Rxe5 Ra3 42. Kf4 d3 43. Rd5 Ra4+ 44. Kg3 Ra3 45. Kf2 Ra2+ 46. Ke3 d2 47. Rxd2 Ra3+ 48. Kf4 Ra4+ 49. Rd4 Ra3 50. h4 Ra1 51.
Ng5 Rf1+ 52. Kg3 Rg1+ 53. Kf2 Rg4 54. Rxg4 hxg4 55. Kg3 f6 56. Ne6+ Kf7 57. Nf4 g5 58. hxg5 fxg5 59. Kxg4 gxf4 60. Kxf4 1/2-1/2

[Event "Early-Titled-Tuesday-Blitz-July-09-2024"]
[Site "Chess.com"]
[Date "2024.07.09"]
[Round "9"]
[White "JordanLoyd2020"]
[Black "NikitaShnadrygin"]
[Result "0-1"]
[WhiteElo "2514"]
[BlackElo "2726"]
[TimeControl "180+1"]
[EndTime "9:46:31 PDT"]
[Termination "NikitaShnadrygin won by checkmate"]

1. d4 d5 2. Nf3 Nc6 3. Bf4 Bg4 4. Nbd2 e6 5. e3 Bd6 6. c3 Nf6 7. Bd3 O-O 8. O-O Qe7 9. h3 Bh5 10. Qb3 Rab8 11. Rae1 Rfe8 12. Bg5 h6 13. Bxf6 Qxf6 14. e4 dxe4 15. Nxe4 Qf4 16. Nxd6 cxd6 17. Re4 Qf6 18. Re3 g5 19. Nd2 d5 20. a4 Re7 21. Nf3 Bxf3 22. Rxf3 Qg7 23. Re1 Rd8 24. Qc2 f5 25. Rfe3 Qf6 26.
Qe2 Kf7 27. b4 f4 28. Qh5+ Kg7 29. R3e2 e5 30. b5 e4 31. bxc6 Qxc6 32. h4 gxh4 33. Qxh4 Qd6 34. Bxe4 dxe4 35. Rxe4 Rxe4 36. Rxe4 Rf8 37.
Re7+ Rf7 38. Qg4+ Kf8 39. Qc8+ Kxe7 40. Qxb7+ Kf6 41. Qe4 Re7 42. Qf3 Rg7 43. Qh5 Ke7 44. Qh4+ Qf6 45. Qh3 f3 46. g3 Qe6 47. Qh4+ Kd7 48.
Kh2 Rf7 49. Qh5 Qf5 50. Qh4 Rg7 51. Kg1 Rg5 52. Qxh6 Rh5 53. Qg7+ Kd6 54. Qg8 Qb1# 0-1

[Event "Early-Titled-Tuesday-Blitz-July-09-2024"]
[Site "Chess.com"]
[Date "2024.07.09"]
[Round "9"]
[White "Goryachkina"]
[Black "Zhigalko_Sergei"]
[Result "0-1"]
[WhiteElo "2683"]
[BlackElo "2922"]
[TimeControl "180+1"]
[EndTime "9:46:33 PDT"]
[Termination "Zhigalko_Sergei won on time"]

1. Nf3 d5 2. g3 c6 3. Bg2 Bg4 4. O-O e6 5. h3 Bh5 6. c4 Nf6 7.
cxd5 exd5 8. d4 Be7 9. Nc3 O-O 10. Ne5 Nfd7 11. g4 Nxe5 12. dxe5 Bg6 13. f4 f5 14. Be3 Kh8 15. Qb3 Qc8 16. Rad1 Na6 17. g5 Nc5 18. Bxc5 Bxc5+ 19. Kh1 Bf7 20. Qc2 Be7 21. e3 Qd7 22. Bf3 Rad8 23. Ne2 c5 24. Rd2 Qb5 25. Rfd1 d4 26.
exd4 cxd4 27. Nxd4 Qa6 28. Nxf5 Bg6 29. Rxd8 Bxd8 30. Be4 Bxf5 31. Bxf5 g6 32. Be4 Qxa2 33.
Qc3 Qe6 34. Bd5 Qe7 35. e6+ Kg8 36. Qe5 Bc7 37. Qxc7 Qxc7 38. e7+ Kg7 39. exf8=Q+ Kxf8 40. Rd3 Kg7 41. Kg2 Qxf4 42. Bf3 Qxg5+ 43. Kf2 Qh4+ 44. Ke2 Qe7+ 45. Kf2 Kh6 46. b3 b5 47. Kg2 a5 48.
Kf2 Qc5+ 49. Ke2 Qc2+ 50. Ke3 a4 51. bxa4 bxa4 52. Be4 a3 53. Bd5 a2 54. Rd2 Qxd2+ 0-1

[Event "Early-Titled-Tuesday-Blitz-July-09-2024"]
[Site "Chess.com"]
[Date "2024.07.09"]
[Round "9"]
[White "Ganziitoo"]
[Black "esskeettit"]
[Result "1-0"]
[WhiteElo "2361"]
[BlackElo "2528"]
[TimeControl "180+1"]
[EndTime "9:46:33 PDT"]
[Termination "Ganziitoo won by checkmate"]

1. e4 c5 2. Nf3 Nc6 3. d4 cxd4 4.
Nxd4 g6 5. c4 Nf6 6. Nc3 d6 7.
Be2 Nxd4 8. Qxd4 Bg7 9. Be3 O-O 10. Qd3 Bd7 11. O-O Qa5 12. Bd4 Rfd8 13. h3 Bc6 14.
f4 Rac8 15. a3 a6 16. b4 Qc7 17. b5 axb5 18. cxb5 Be8 19. b6 Qc6 20. Rfc1 e5 21.
Bf2 exf4 22. Nd5 Qxc1+ 23. Rxc1 Rxc1+ 24. Kh2 Nxd5 25. exd5 Be5 26. Bf3 Rdc8 27. Bd4 Bb5 28. Qd2 R8c2 29. Qb4 Rc4 30. Qxb5 Bxd4 31. h4 Bf2 32. h5 Bg3+ 33. Kh3 Rh1+ 34. Kg4 gxh5+ 35. Kg5 Kg7 36. Qxc4 Re1 37. Be4 h6+ 38. Kf5 h4 39.
Qc3+ Kf8 40. Qc8+ Kg7 41. Qxb7 h3 42. gxh3 f3 43. Bxf3 Re5+ 44. Kg4 Bh2 45. h4 h5+ 46. Kh3 Bf4 47. Qc6 Re3 48. Kg2 Rd3 49. b7 Be5 50.
b8=Q Rd2+ 51. Kf1 Ra2 52. Qc1 Rh2 53. Bg2 Rxh4 54. Qg5+ Kh7 55. Qbg8# 1-0

[Event "Early-Titled-Tuesday-Blitz-July-09-2024"]
[Site "Chess.com"]
[Date "2024.07.09"]
[Round "9"]
[White "tarno17"]
[Black "andy07670"]
[Result "0-1"]
[WhiteElo "2200"]
[BlackElo "2429"]
[TimeControl "180+1"]
[EndTime "9:46:33 PDT"]
[Termination "andy07670 won on time"]

1. e4 c5 2. Nf3 d6 3. Bb5+ Bd7 4.
Bxd7+ Qxd7 5. O-O g6 6. d4 cxd4 7. Nxd4 Bg7 8. Nc3 Nf6 9. Bg5 O-O 10. Qd2 Re8 11. h3 a6 12. Bh6 Bh8 13. f4 Nc6 14.
Nde2 b5 15. a3 Rac8 16. f5 Ne5 17. Qg5 Rc5 18. Nf4 Rec8 19. Rad1 Qa7 20. Kh1 Rxc3 21. bxc3 Qc5 22. Nd5 Nxd5 23. Rxd5 Qc4 24. Re1 Qxc3 25. Red1 Bf6 26. Qf4 Qxc2 27. fxg6 hxg6 28. Bg5 Nd7 29. Bxf6 Nxf6 30. Qg3 Kg7 31. R5d2 Qc3 32. Qxc3 Rxc3 33. Rd3 Rc4 34. e5 dxe5 35. g4 e4 36. Rd4 Rc3 37. a4 Rxh3+ 38. Kg2 Rb3 39. axb5 axb5 40. g5 Nh7 41. Rxe4 Nxg5 42. Rxe7 Rb2+ 43. Kf1 Rb4 44. Rdd7 Rf4+ 45. Ke1 b4 46. Kd2 Rf3 47. Rb7 b3 48. Kc1 Ne6 49. Kb2 Nd4 50. Rbd7 Rf2+ 51. Kc3 Nf5 0-1

[Event "Early-Titled-Tuesday-Blitz-July-09-2024"]
[Site "Chess.com"]
[Date "2024.07.09"]
[Round "9"]
[White "SujanaLohani"]
[Black "Barmen_EV"]
[Result "1-0"]
[WhiteElo "2370"]
[BlackElo "2501"]
[TimeControl "180+1"]
[EndTime "9:46:34 PDT"]
[Termination "SujanaLohani won by checkmate"]

1. e4 e6 2. d4 d5 3. Nd2 a6 4. Ngf3 c5 5. exd5 exd5 6. dxc5 Bxc5 7. Bd3 Nc6 8. O-O Nge7 9. Nb3 Bb6 10. Re1 O-O 11.
Ng5 Bf5 12. c3 h6 13. Nf3 Bg4 14. h3 Bh5 15. Bf4 Qd7 16. Bc2 Rfe8 17. Ne5 Bxd1 18. Nxd7 Bxc2 19. Nxb6 Ra7 20. Nxd5 b5 21. Bd6 Rd7 22.
Nxe7+ Nxe7 23. Bb4 f6 24. Nc5 Ra7 25. Rac1 Bg6 26.
Rcd1 a5 27. Ba3 Nc6 28. Rxe8+ Bxe8 29. Nd3 Rd7 30. b3 b4 31. cxb4 axb4 32. Bc1 Nd4 33. Kf1 Rd5 34. Nxb4 Bb5+ 35. Ke1 Nc2+ 36. Nxc2 Re5+ 37.
Be3 Bc6 38. g3 Bf3 39. Rd8+ Kf7 40. Nd4 Be4 41. h4 h5 42. Rd7+ Kg6 43. Kd2 Ra5 44. a4 Ra8 45. Ne6 Kf5 46. Nxg7+ Kg4 47. Ne6 Bf5 48.
Rg7+ Kh3 49. Nd4 Be4 50. f3 Bd5 51. g4 hxg4 52. fxg4 Kxh4 53. g5 fxg5 54. Bxg5+ Kg4 55. Be3+ Kh5 56. Rg5+ Kh4 57. Rxd5 Rg8 58. Nf3+ Kh3 59. Rh5+ Kg2 60. Rg5+ Kf1 61. Nh2# 1-0

[Event "Early-Titled-Tuesday-Blitz-July-09-2024"]
[Site "Chess.com"]
[Date "2024.07.09"]
[Round "9"]
[White "Lion-Al-Messi"]
[Black "Ratkovic_Miloje"]
[Result "1-0"]
[WhiteElo "2677"]
[BlackElo "2780"]
[TimeControl "180+1"]
[EndTime "9:46:35 PDT"]
[Termination "Lion-Al-Messi won by checkmate"]

1. e4 e6 2. d4 a6 3. Nf3 d5 4.
exd5 exd5 5. Bd3 Nf6 6. Be3 Be7 7. Nc3 O-O 8. h3 Nc6 9. g4 Nb4 10. Be2 Ne4 11. Ne5 f6 12. Nd3 f5 13. a3 Nxd3+ 14.
cxd3 f4 15. dxe4 fxe3 16. fxe3 Bg5 17. Qd3 c5 18. Nxd5 cxd4 19. exd4 Be6 20. Rf1 Bxd5 21.
exd5 Qd6 22. Rf5 Rxf5 23. gxf5 Re8 24. Qc4 Qg3+ 25. Kd1 Qe3 26. Qd3 Qg1+ 27. Bf1 Qf2 28. Be2 Bh4 29. Kd2 Bg5+ 30. Kd1 b5 31. f6 gxf6 32.
d6 Re3 33. Qd2 Re6 34. d7 Bxd2 35. d8=Q+ Kf7 36. Bh5+ Kg7 37. Qd7+ Kh6 38. Qxe6 Bg5 39.
Qe2 Qg1+ 40. Qe1 Qxd4+ 41. Kc2 Qc4+ 42. Qc3 Qe4+ 43. Qd3 Qg2+ 44. Be2 Qc6+ 45. Kb3 a5 46. Ka2 Qe6+ 47. b3 a4 48. Rb1 Bf4 49. h4 Be5 50. h5 Qb6 51. bxa4 Qe6+ 52. Qb3 Qf5 53. axb5 Bf4 54.
Bd3 Qg5 55. Qf7 Be5 56. Qxh7# 1-0

[Event "Early-Titled-Tuesday-Blitz-July-09-2024"]
[Site "Chess.com"]
[Date "2024.07.09"]
[Round "9"]
[White "champ2005"]
[Black "Arysya"]
[Result "1-0"]
[WhiteElo "3044"]
[BlackElo "2887"]
[TimeControl "180+1"]
[EndTime "9:46:37 PDT"]
[Termination "champ2005 won on time"]

1. d4 Nf6 2. Nc3 d5 3. Bf4 a6 4. e3 Bg4 5. f3 Bd7 6. e4 e6 7.
Bd3 c5 8. dxc5 Bxc5 9. e5 Nh5 10. Bg3 Nxg3 11. hxg3 Qg5 12. Nge2 Qxe5 13. f4 Qf6 14. Qd2 Nc6 15. O-O-O O-O-O 16. Kb1 Kb8 17. g4 h6 18.
Rh3 Qe7 19. Ng3 Bc8 20. Rhh1 Qc7 21. Nh5 g6 22. Ng3 Bb4 23. a3 Ba5 24. b4 Nxb4 25.
axb4 Bxb4 26. Nxd5 Bxd2 27. Nxc7 Bxf4 28. Nxa6+ bxa6 29. Ne4 Be3 30. Rh3 Bb6 31. Rdh1 f5 32. Ng5 fxg4 33. Rxh6 Rxh6 34. Rxh6 Be3 35. Rxg6 Rd6 36. Nf7 Rb6+ 37. Ka2 Bd4 38. Rxg4 e5 39. Rg8 Kc7 40. Ng5 Be6+ 41. Nxe6+ Rxe6 42. Be4 Rf6 43. g3 a5 44.
Kb3 Rb6+ 45. Kc4 Kd6 46. c3 Bg1 47. g4 Ke7 48. g5 a4 49. Ra8 Be3 50. g6 Kf6 51.
Rxa4 Rd6 52. Ra8 Rd7 53. Ra6+ Kg7 54. Re6 Rc7+ 55. Kd3 Bf4 56. c4 Rd7+ 57. Bd5 Rc7 58. Ke4 Ra7 59. Kf5 Rc7 60. c5 Rxc5 61. Re7+ Kf8 62.
g7+ Kxe7 63. g8=Q Rc7 64. Qf7+ 1-0